 Dungeon Crawl Stone Soup version 0.20-a0-1089-g3fde505 (webtiles) character file.

189 mopl the Sneak (level 5, -6/28 HPs)
             Began as a Gargoyle Enchanter on May 3, 2017.
             Mangled by an ogre
             ... wielding a +0 giant spiked club
              (23 damage)
             ... on level 4 of the Dungeon.
             The game lasted 00:05:52 (2557 turns).

mopl the Sneak (Gargoyle Enchanter)                 Turns: 2557, Time: 00:05:53

Health: -6/28      AC:  7    Str: 12    XL:     5   Next: 68%
Magic:  5/9        EV: 12    Int: 15    God:
Gold:   186        SH:  0    Dex: 11    Spells: 0/9 levels left

rFire    . . .     SeeInvis .   a - +1 dagger
rCold    . . .     Gourm    .   (no shield)
rNeg     + . .     Faith    .   b - +0 robe
rPois    ∞         Spirit   .   (no helmet)
rElec    +         Reflect  .   (no cloak)
rCorr    .         Harm     .   i - +0 pair of gloves
MR       .....                  (no boots)
Stlth    +++.......             (no amulet)
Regen    0.1/turn               u - ring of wizardry
MPRegen  0.2/turn               (no ring)

@: no status effects
A: negative energy resistance 1, electricity resistance, unbreathing,
petrification resistance, rot immunity, AC +4
a: no special abilities


You were on level 4 of the Dungeon.
You were hungry.

You visited 1 branch of the dungeon, and saw 4 of its levels.

You collected 186 gold pieces.

Inventory:

Hand Weapons
 a - a +1 dagger (weapon)
 n - a +0 short sword of holy wrath
Missiles
 m - 5 poisoned tomahawks (quivered)
 r - 7 needles of paralysis
Armour
 b - a +0 robe (worn)
 i - a +0 pair of gloves (worn)
Jewellery
 u - a ring of wizardry (left hand)
Scrolls
 e - 3 scrolls of recharging {unknown}
 f - 2 scrolls of blinking {unknown}
 g - 6 scrolls of enchant weapon {unknown}
 h - 6 scrolls of identify {unknown}
 j - a scroll of immolation {unknown}
 l - 2 scrolls of magic mapping {unknown}
 o - a scroll of teleportation {unknown}
 q - a scroll of amnesia {unknown}
 v - a scroll of enchant armour {unknown}
 w - a scroll of fog {unknown}
Potions
 k - a potion of berserk rage {unknown}
 p - 2 potions of haste {unknown}
 s - 2 potions of curing
 t - a potion of lignification {unknown}
 x - a potion of cancellation {unknown}
 A - a potion of agility {unknown}
Books
 c - a book of Maledictions

   Spells                             Type                      Level
   a - Corona                         Hexes                        1
   b - Ensorcelled Hibernation        Hexes/Ice                    2
   c - Confuse                        Hexes                        3
   d - Tukima's Dance                 Hexes                        3
   e - Dazzling Spray                 Conjuration/Hexes            3
Comestibles
 d - 2 bread rations
 z - a chunk of flesh
 B - a meat ration
 C - a royal jelly
 D - 3 fruits


   Skills:
 + Level 1.6 Short Blades
 - Level 1.5 Dodging
 + Level 4.5 Stealth
 + Level 2.8 Spellcasting
 * Level 3.9 Hexes
 + Level 1.7 Ice Magic


You couldn't memorise any spells.
You knew the following spells:

 Your Spells              Type           Power        Failure   Level  Hunger
a - Corona                Hex            ##.....      1%          1    #......
b - Ensorcelled Hibernat  Hex/Ice        ##....       4%          2    ##.....
c - Confuse               Hex            ##......     4%          3    ###....
d - Tukima's Dance        Hex            ##......     4%          3    ###....


Dungeon Overview and Level Annotations

Branches:
Dungeon (4/15)
 Temple: D:4-7

Altars:
Zin


Innate Abilities, Weirdness & Mutations

You are resistant to torment.
Your stone body is resilient. (AC +4)
You are immune to poison.
You resist negative energy. (rN+)
You are resistant to electric shocks. (rElec)
You can survive without breathing.
You are immune to petrification.
You are immune to rotting.


Message History

The helpless ogre fails to defend itself.
You puncture the ogre!
The ogre is heavily wounded.
Casting: Ensorcelled Hibernation
Confirm with . or Enter, or press ? or * to list all spells.
Aiming: Ensorcelled Hibernation
Press: ? - help, Shift-Dir - straight line, f - ogre
Aim: an ogre, wielding a giant spiked club (heavily wounded, chance to defeat MR: 41%)
The ogre resists with some effort.
You are feeling hungry.
The ogre hits you with a giant spiked club!
Casting: Ensorcelled Hibernation
Confirm with . or Enter, or press ? or * to list all spells.
Aiming: Ensorcelled Hibernation
Press: ? - help, Shift-Dir - straight line, f/p - ogre
Aim: an ogre, wielding a giant spiked club (heavily wounded, chance to defeat MR: 41%)
The ogre resists with some effort.
The ogre hits you with a giant spiked club!!
Ouch! That really hurt!
You die...

###.### #.
##.....## .#
#..#.......#..#
.$.#.......#..#
....._.....
#.......#
#....O..# ##
#..@..#
...####.####..#
...............
##......#######
#####......######
####........######
###.####......#
#.[...#####.#
#...#..####.##


You could see an ogre.

Vanquished Creatures
  A scorpion (D:2)
  3 gnolls
  An adder (D:2)
  An ooze (D:3)
  A worm (D:3)
  10 dart slugs
  4 leopard geckos
  5 orcs
  6 bats
  5 giant cockroaches
  8 goblins
  5 hobgoblins
  3 kobolds
  2 quokkas (D:3)
  A ball python (D:2)
  2 frilled lizards
  4 rats
62 creatures vanquished.

Notes
Turn   | Place    | Note
-------+----------+-------------------------------------------
     0 | D:1      | mopl the Gargoyle Enchanter began the quest for the Orb.
     0 | D:1      | Reached XP level 1. HP: 10/10 MP: 3/3
    29 | D:1      | Reached skill level 1 in Short Blades
    87 | D:1      | Reached XP level 2. HP: 8/15 MP: 1/5
    96 | D:1      | Learned a level 2 spell: Ensorcelled Hibernation
   272 | D:1      | Reached XP level 3. HP: 17/19 MP: 6/6
   345 | D:1      | Reached skill level 3 in Hexes
   581 | D:1      | Reached skill level 4 in Stealth
   691 | D:1      | Reached skill level 1 in Ice Magic
   691 | D:1      | Reached XP level 4. HP: 11/24 MP: 0/7
  1033 | D:2      | Learned a level 3 spell: Confuse
  1083 | D:2      | Found a faded altar of an unknown god.
  1484 | D:2      | Reached XP level 5. HP: 3/28 MP: 4/9
  2163 | D:3      | Learned a level 3 spell: Tukima's Dance
  2550 | D:4      | Found a glowing silver altar of Zin.
  2551 | D:4      | Noticed an ogre
  2557 | D:4      | Mangled by an ogre

Vault maps used:
D:1:      onia_arrival_pyramid, minmay_distorted
D:2:      chequers_ecumenical_altar_twisty
D:3:      first_bread
D:4:      elyvilon_altar_3, old_standard_altar

Skill      XL: |  1  2  3 |
---------------+----------+-----
Short Blades   | 1 |  1.6
Hexes          | 3 |  3.9
Stealth        | 4 |  4.5
Ice Magic      | 1 |  1.7
Dodging        | |  1.5
Spellcasting   | |  2.8

Action                   |  1- 3 |  4- 6 || total
-------------------------+-------+-------++-------
Melee: Dagger            |    90 |   142 ||   232
 Cast: Corona            |     5 |       ||     5
       Ensorcelled Hiber |     8 |    19 ||    27
       Confuse           |       |     2 ||     2
 Stab: Sleeping          |     8 |    17 ||    25
  Eat: Chunk             |       |     7 ||     7
Armor: Robe              |    34 |    49 ||    83
Dodge: Dodged            |    65 |    71 ||   136
